[Event "*** Titled Tuesday Blitz"]
[Site "Chess.com"]
[Date "2020.10.27"]
[Round "4"]
[White "TigrVShlyape"]
[Black "QuintilianoR"]
[Result "1-0"]
[WhiteElo "2875"]
[BlackElo "2673"]
[TimeControl "180+1"]
[EndTime "10:38:15 PDT"]
[Termination "TigrVShlyape won by resignation"]

1. d4 d5 2. Nf3 Nf6 3. Bf4 c5 4. e3 Nc6 5. Nbd2 e6 6. c3 Be7 7. Bd3 Nh5 8. Be5 f6 9. Bg3 g6 10. a3 O-O 11. Qe2 a5 12. a4 cxd4 13. exd4 e5 14.
dxe5 Nxg3 15. hxg3 fxe5 16. O-O-O Bf6 17. Ne4 Be6 18.
Bc4 Rc8 19. Nxf6+ Qxf6 20. Bxd5 Bxd5 21. Rxd5 Nd4 22. Qxe5 Nxf3 23. Qxf6 Rxf6 24. gxf3 Rxf3 25. Rxa5 Rxf2 26. Rb5 Rc7 27. Rd1 Rf3 28. Rd8+ Kg7 29. Rb8 Rxg3 30. R8xb7 Rxb7 31. Rxb7+ Kh6 32. a5 Rg5 33. b4 Rg2 34. Kb1 Rf2 35. a6 Rf8 36.
a7 Ra8 37. b5 g5 38. b6 g4 39.
Rb8 1-0

[Event "*** Titled Tuesday Blitz"]
[Site "Chess.com"]
[Date "2020.10.27"]
[Round "4"]
[White "Fighter008"]
[Black "eljanov"]
[Result "1-0"]
[WhiteElo "2692"]
[BlackElo "2864"]
[TimeControl "180+1"]
[EndTime "10:38:17 PDT"]
[Termination "Fighter008 won by resignation"]

1. e4 c6 2. Nc3 d5 3. d4 dxe4 4. Nxe4 Bf5 5. Ng3 Bg6 6. N1e2 Nf6 7. h4 h6 8. Nf4 Bh7 9. Bc4 e6 10. c3 Nd5 11. Qe2 Nxf4 12. Bxf4 Bd6 13. Nh5 Bxf4 14.
Nxf4 Qe7 15. Qg4 O-O 16. O-O Bf5 17. Qg3 Nd7 18. Nh5 g6 19. Rfe1 Rad8 20. Nf4 Nf6 21. Bd3 Bxd3 22. Nxd3 Qd6 23. Ne5 Nd7 24. h5 Nxe5 25.
Rxe5 g5 26. Rae1 Rfe8 27. f4 f6 28. fxg5 hxg5 29. Rxg5+ fxg5 30. Qxg5+ Kh7 31. Qg6+ Kh8 32. Qh6+ Kg8 33. Re5 Rf8 34. Qg6+ Kh8 35. Qh6+ Kg8 36. Rg5+ Kf7 37. Rg7+ Ke8 38. Qg6+ 1-0

[Event "*** Titled Tuesday Blitz"]
[Site "Chess.com"]
[Date "2020.10.27"]
[Round "4"]
[White "Ginger_GM"]
[Black "fireheart92"]
[Result "0-1"]
[WhiteElo "2571"]
[BlackElo "2872"]
[TimeControl "180+1"]
[EndTime "10:38:17 PDT"]
[Termination "fireheart92 won by resignation"]

1. f4 e5 2. e4 d5 3. exd5 exf4 4. Nf3 Nf6 5. Bc4 Nxd5 6. Nc3 Nxc3 7. dxc3 Qxd1+ 8.
Kxd1 Bd6 9. Re1+ Be6 10. Bxe6 fxe6 11. Rxe6+ Kd7 12. Re4 Rf8 13. Ke2 Nc6 14. Bd2 h6 15. h4 Rae8 16. Kd3 Rxe4 17. Kxe4 Re8+ 18. Kd3 b5 19.
Rf1 g5 20. hxg5 hxg5 21. Nd4 Ne5+ 22. Ke2 Nc4+ 23. Kd1 Nxb2+ 24. Kc1 Nc4 25. Nxb5 Bc5 26. Rd1 Kc6 27. Nd4+ Bxd4 28. cxd4 Re2 29. d5+ Kc5 30. g3 Rxd2 31. Rg1 f3 0-1

[Event "*** Titled Tuesday Blitz"]
[Site "Chess.com"]
[Date "2020.10.27"]
[Round "4"]
[White "alexrustemov"]
[Black "WPWPWP-2015"]
[Result "1-0"]
[WhiteElo "2662"]
[BlackElo "2475"]
[TimeControl "180+1"]
[EndTime "10:38:19 PDT"]
[Termination "alexrustemov won on time"]

1. Nf3 Nf6 2. g3 d5 3. Bg2 Bg4 4. h3 Bh5 5. d3 c6 6. Nbd2 Nbd7 7.
g4 Bg6 8. Nh4 e6 9. e3 Bd6 10. Qe2 a5 11. f4 Qe7 12. O-O O-O-O 13. e4 Ng8 14. Nxg6 hxg6 15. Nf3 Bc5+ 16. d4 dxe4 17. Qxe4 Ngf6 18. Qe2 Bb6 19. c3 Nd5 20. Bd2 Bc7 21. Ng5 Nf8 22. Rae1 Kb8 23. a3 Nd7 24. c4 N5f6 25. d5 cxd5 26. cxd5 Nxd5 27. Bxd5 Qc5+ 28.
Be3 Qxd5 29. Nxf7 Rxh3 30. Qg2 Rxe3 31. Qxd5 exd5 32. Rxe3 Rf8 33. Re7 Bb6+ 34. Kg2 Nf6 35. Ne5 Ka7 36. Rxg7 Ne4 37. Rxg6 Rc8 38. g5 Rc2+ 39. Kh3 Rxb2 40. Rg8 Nf2+ 41. Kh4 Ne4 42. Ng4 d4 43. Re8 Nd6 44. Re5 1-0

[Event "*** Titled Tuesday Blitz"]
[Site "Chess.com"]
[Date "2020.10.27"]
[Round "4"]
[White "LuisFSiles"]
[Black "Gulkov_Igor"]
[Result "1/2-1/2"]
[WhiteElo "2294"]
[BlackElo "2459"]
[TimeControl "180+1"]
[EndTime "10:38:19 PDT"]
[Termination "Game drawn by repetition"]

1. e4 c5 2. c3 Nf6 3. e5 Nd5 4. d4 cxd4 5. Nf3 d6 6. cxd4 Nc6 7. Bc4 Nb6 8. Bb5 dxe5 9. Nxe5 Bd7 10. Nxd7 Qxd7 11.
Nc3 Rd8 12. Be3 e6 13. Qg4 h5 14. Qf3 a6 15. Bxc6 Qxc6 16. Qxc6+ bxc6 17. O-O Kd7 18. Rac1 Be7 19. Ne4 Nd5 20. Rfd1 Rb8 21. b3 Rb5 22. Rc4 Rc8 23. Rdc1 Rb4 24. Nd2 Nb6 25. Rxb4 Bxb4 26. Nc4 Nxc4 27. bxc4 Bd6 28. Rb1 Rb8 29. Rxb8 Bxb8 30.
h3 f5 31. f4 Bd6 32. Kf2 Bb4 33. h4 g6 34. Ke2 Kc7 35. Bd2 Be7 36. g3 Kb6 37. a4 Kc7 38. c5 Kd7 39. Kd3 Bd8 40. Bc3 Bc7 41. Bd2 Bd8 42. Bc3 Bc7 43. Bd2 Bd8 1/2-1/2

[Event "*** Titled Tuesday Blitz"]
[Site "Chess.com"]
[Date "2020.10.27"]
[Round "4"]
[White "KaterynaLagno"]
[Black "CM_rui"]
[Result "1-0"]
[WhiteElo "2685"]
[BlackElo "2370"]
[TimeControl "180+1"]
[EndTime "10:38:20 PDT"]
[Termination "KaterynaLagno won by resignation"]

1. e4 e5 2. Nf3 Nc6 3. Bb5 a6 4. Ba4 Nf6 5. O-O Be7 6. d3 b5 7.
Bb3 O-O 8. c3 d6 9. Nbd2 Na5 10.
Bc2 c5 11. Re1 h6 12. Nf1 Re8 13. Ng3 Bf8 14. h3 g6 15. d4 cxd4 16. cxd4 exd4 17. Nxd4 Bg7 18. b3 Bb7 19. Bf4 Rc8 20. Rc1 Nh7 21.
Qd2 Qf6 22. Nde2 Nc6 23. Bxh6 Bxh6 24. Qxh6 Ne5 25. Qf4 Qg7 26. Bb1 Nf6 27. Rcd1 d5 28.
exd5 Nxd5 29. Qg5 Nb4 30. Nf4 Nc2 31. Bxc2 Rxc2 32. Ne4 Bxe4 33. Rxe4 Rxa2 34. Nd5 Re6 35. Nc7 Nf3+ 36. gxf3 Rxe4 37. fxe4 Qb2 38. Qe3 Qe5 39. Nd5 Qh5 40. Nf6+ 1-0

[Event "*** Titled Tuesday Blitz"]
[Site "Chess.com"]
[Date "2020.10.27"]
[Round "4"]
[White "Sesleria"]
[Black "Matols"]
[Result "0-1"]
[WhiteElo "1892"]
[BlackElo "2238"]
[TimeControl "180+1"]
[EndTime "10:38:21 PDT"]
[Termination "Matols won on time"]

1. e4 e6 2. d4 d5 3. Nc3 Nf6 4. e5 Nfd7 5. Qh5 Qe7 6. Bg5 Qb4 7. O-O-O Nb6 8. Nb5 Na6 9. a3 Qa5 10. Bd2 Qa4 11. Nc3 Qd7 12. Bb5 c6 13. Bd3 Nc7 14. f4 g6 15. Qh3 c5 16. dxc5 Bxc5 17. Nf3 Na4 18. Nxa4 Qxa4 19. Ng5 Bd7 20. Bc3 Qxf4+ 21. Bd2 Qxe5 22. Rhe1 Qg7 23. Bc3 d4 24. Bxg6 hxg6 25.
Qf3 dxc3 26. Qxb7 cxb2+ 27. Kb1 Rc8 28. Ne4 Bxa3 29. Rxd7 Kxd7 30. Rd1+ Ke7 0-1

[Event "*** Titled Tuesday Blitz"]
[Site "Chess.com"]
[Date "2020.10.27"]
[Round "4"]
[White "zmeeed67"]
[Black "Ranindu2003"]
[Result "1-0"]
[WhiteElo "2361"]
[BlackElo "2544"]
[TimeControl "180+1"]
[EndTime "10:38:22 PDT"]
[Termination "zmeeed67 won by checkmate"]

1. e4 e6 2. Nf3 d5 3. e5 c5 4. b4 cxb4 5. a3 bxa3 6. d4 Nc6 7. c3 a2 8. Rxa2 Qb6 9. Bd3 Nge7 10. Na3 Ng6 11. O-O Be7 12. g3 f6 13. exf6 Bxf6 14.
Qc2 Nce7 15. h4 Bd7 16. h5 Nf8 17. h6 g6 18. Bf4 Nf5 19. Rb1 Qd8 20. Rxb7 Rc8 21.
Qd2 Bc6 22. Rxa7 Nd7 23. Nb5 O-O 24. Ne5 Nxe5 25. dxe5 Be7 26. Nd6 Nxd6 27. exd6 Bxd6 28. Rg7+ Kh8 29. Bxd6 Qxd6 30. Raa7 Qe5 31. Rxh7+ Kg8 32. Rag7+ Qxg7 33. Rxg7+ Kh8 34. Bxg6 e5 35. Qg5 d4 36. Rh7+ Kg8 37. Be4# 1-0

[Event "*** Titled Tuesday Blitz"]
[Site "Chess.com"]
[Date "2020.10.27"]
[Round "4"]
[White "Caterpiller35"]
[Black "albano87"]
[Result "1-0"]
[WhiteElo "2468"]
[BlackElo "2291"]
[TimeControl "180+1"]
[EndTime "10:38:22 PDT"]
[Termination "Caterpiller35 won on time"]

1. d4 g6 2. e4 Bg7 3. Nc3 c6 4. f4 d5 5. e5 Nh6 6. Nf3 O-O 7. Be3 f6 8. h3 b5 9. g4 fxe5 10. Nxe5 Nf7 11. Bd3 Nxe5 12. fxe5 e6 13. Qd2 Nd7 14. O-O-O Nb6 15. Bg5 Qc7 16. h4 Nc4 17. Qh2 Qa5 18. h5 Nxb2 19. hxg6 h6 20. Bxh6 Qa3 21. Kd2 Qe7 22.
Rdf1 Rxf1 23. Rxf1 Nc4+ 24. Bxc4 bxc4 25. Rf7 Bxh6+ 26. Qxh6 Qf6 27. exf6 1-0

[Event "*** Titled Tuesday Blitz"]
[Site "Chess.com"]
[Date "2020.10.27"]
[Round "4"]
[White "Corre_por_tu_vida"]
[Black "MikaelyanArman"]
[Result "1-0"]
[WhiteElo "2564"]
[BlackElo "2796"]
[TimeControl "180+1"]
[EndTime "10:38:23 PDT"]
[Termination "Corre_por_tu_vida won by resignation"]

1. e4 e5 2. Nf3 Nc6 3. Bb5 a6 4. Ba4 Nf6 5. O-O Be7 6. Re1 b5 7. Bb3 d6 8. c3 O-O 9. h3 Na5 10. Bc2 c5 11. d4 Nd7 12. Nbd2 exd4 13. cxd4 Nc6 14. Nf1 cxd4 15. Nxd4 Nxd4 16. Qxd4 Ne5 17. Qd1 Bf6 18. Bb3 Be6 19. Ne3 Nc4 20. Qe2 Rc8 21. Ng4 Bd4 22. Rd1 Qb6 23. Bxc4 Rxc4 24. Ne3 Rc7 25. Qd3 Bc5 26. b3 Rfc8 27. Bb2 Bxe3 28. fxe3 Rc2 29. Rd2 Qc6 30. Rad1 Rxd2 31. Rxd2 Qc5 32. Kh2 h5 33. Qe2 h4 34. Qf3 Re8 35. Qf4 Bc8 36. Qxh4 Qxe3 37. Rxd6 Be6 38. Bd4 Qc1 39. Qg3 Qh6 40. Rxa6 Rd8 41. Rd6 Rc8 42.
Be3 Qh5 43. Bf4 Rc2 44. Be5 Qh6 45. Rd8+ Kh7 46. Bf4 Qh5 47. Rd3 Rxa2 48. Be5 Qh6 49. Rf3 Qf6 50. Bxf6 1-0

[Event "*** Titled Tuesday Blitz"]
[Site "Chess.com"]
[Date "2020.10.27"]
[Round "4"]
[White "Sanyura"]
[Black "Karateloru"]
[Result "0-1"]
[WhiteElo "2487"]
[BlackElo "2666"]
[TimeControl "180+1"]
[EndTime "10:38:23 PDT"]
[Termination "Karateloru won by resignation"]

1. Nf3 d5 2. g3 Nf6 3. d3 Bg4 4.
Nbd2 Nbd7 5. h3 Bh5 6. Bg2 e5 7.
O-O c6 8. g4 Bg6 9. Nh4 Bc5 10.
Nxg6 hxg6 11. e4 dxe4 12. dxe4 Nf8 13. Nc4 Qc7 14. Be3 Bxe3 15. fxe3 Rd8 16. Qe2 Ne6 17. Rad1 O-O 18. Qf2 b5 19. Nd2 Rd7 20. Rde1 Rfd8 21. Re2 Qa5 22. c3 Qxa2 23. Nf3 Nxe4 24. Qh4 Nxc3 25. Rc2 Nd5 26. Nxe5 Nxe3 27. Nxd7 Nxf1 28. Rxc6 Rxd7 29. Rc8+ Nf8 30. Bc6 Rd1 31. Qe7 Ne3+ 32. Kf2 Qxb2+ 33. Kf3 Rf1+ 34. Ke4 Qc2+ 35. Ke5 Qc3+ 36.
Ke4 Qc4+ 37. Ke5 Qe6+ 38. Qxe6 fxe6 39. Bxb5 Re1 40. Kd6 Nd5 41. Bc4 Rd1 0-1

[Event "*** Titled Tuesday Blitz"]
[Site "Chess.com"]
[Date "2020.10.27"]
[Round "4"]
[White "kingofthenil"]
[Black "Aygehovit1992"]
[Result "1-0"]
[WhiteElo "2480"]
[BlackElo "2639"]
[TimeControl "180+1"]
[EndTime "10:38:24 PDT"]
[Termination "kingofthenil won on time"]

1. e4 d6 2. d4 Nf6 3. f3 c5 4.
dxc5 Qa5+ 5. Nc3 Qxc5 6. Qe2 a6 7. Be3 Qc7 8. O-O-O Nc6 9. g4 g6 10. g5 Nh5 11. Nd5 Qa5 12. Bb6 Qxa2 13. Nc7+ Kd7 14. Nxa8 Bg7 15. c3 Ne5 16. Be3 Kc6 17. Nb6 Be6 18.
Nd5 Bxd5 19. exd5+ Kd7 20. f4 Qa1+ 21. Kd2 Qxb2+ 22.
Ke1 Qxc3+ 23. Bd2 Qd4 24. fxe5 Qh4+ 25. Qf2 Qe4+ 26. Be3 Qxh1 27. Qxf7 Bxe5 28. Bh3+ Kc7 29. Qxe7+ Kb8 30. Rb1 Qxd5 31. Ne2 Qc6 32. Kf2 Re8 33. Qf7 Bxh2 34. Bg2 1-0

[Event "*** Titled Tuesday Blitz"]
[Site "Chess.com"]
[Date "2020.10.27"]
[Round "4"]
[White "Volodar_Murzin"]
[Black "zverr1"]
[Result "1-0"]
[WhiteElo "2615"]
[BlackElo "2456"]
[TimeControl "180+1"]
[EndTime "10:38:24 PDT"]
[Termination "Volodar_Murzin won by resignation"]

1. e4 g6 2. d4 Bg7 3. Nf3 d6 4. Bc4 c6 5. h3 d5 6. exd5 cxd5 7. Bd3 Nf6 8. O-O Nc6 9. c3 O-O 10. Re1 Qc7 11. Nbd2 Re8 12. Nf1 Bd7 13. Bd2 Rad8 14. Qc1 e5 15. dxe5 Nxe5 16. Rxe5 Rxe5 17. Bf4 Nh5 18. Bh2 Rde8 19. Be2 Qc5 20. Nxe5 Bxe5 21. Bxh5 Bxh2+ 22. Nxh2 gxh5 23. Nf3 Bf5 24. Nd4 Bg6 25.
Qd2 b5 26. Re1 Rxe1+ 27. Qxe1 b4 28. Qe8+ Kg7 29. Qe5+ Kg8 30. Qb8+ Kg7 31. Qxb4 Qxb4 32. cxb4 Kf6 33. f4 Bb1 34. a3 h4 35. Kf2 Be4 36. g3 hxg3+ 37. Kxg3 a6 38. b5 Ke7 39. bxa6 1-0

[Event "*** Titled Tuesday Blitz"]
[Site "Chess.com"]
[Date "2020.10.27"]
[Round "4"]
[White "esapunov"]
[Black "LiamVrolijk"]
[Result "1-0"]
[WhiteElo "2673"]
[BlackElo "2816"]
[TimeControl "180+1"]
[EndTime "10:38:25 PDT"]
[Termination "esapunov won by resignation"]

1. c4 e5 2. Nf3 Nc6 3. Nc3 Nf6 4. e3 Bb4 5. Qc2 d6 6. Nd5 Bc5 7. a3 a5 8. b3 O-O 9. Bd3 h6 10. Nxf6+ Qxf6 11. Bb2 Qe7 12. Be4 Be6 13. O-O f5 14. Bxc6 bxc6 15. d4 exd4 16. exd4 Bb6 17. Rfe1 Qf7 18. Qc3 Rae8 19. c5 dxc5 20. dxc5 Ba7 21.
Ne5 Qf6 22. Qxa5 Ra8 23. Qc3 Bd5 24. b4 Rad8 25. Re2 f4 26. f3 Qg5 27. Rae1 h5 28.
Kh1 Rde8 29. Qd4 Re6 30. Nd3 Rg6 31. Qf2 Qf5 32. Ne5 Re6 33. h3 Rfe8 34. Kh2 Kh7 35. Qh4 Kh6 36. Qf2 g5 37. Qd4 Rg8 38. Bc1 Rge8 39. h4 Rf8 40. Nd3 Rxe2 41. Rxe2 Rf7 42.
Re5 Qg6 43. Rxg5 Qh7 44. Bxf4 Rxf4 45. Qxf4 Qxd3 46. Qf6+ 1-0

[Event "*** Titled Tuesday Blitz"]
[Site "Chess.com"]
[Date "2020.10.27"]
[Round "4"]
[White "LubovMarkelova"]
[Black "PattyCastillo"]
[Result "1-0"]
[WhiteElo "2216"]
[BlackElo "1847"]
[TimeControl "180+1"]
[EndTime "10:38:25 PDT"]
[Termination "LubovMarkelova won on time"]

1. d4 d5 2. Nf3 Nf6 3. Bf4 c5 4. e3 Nc6 5. Nbd2 Qb6 6. dxc5 Qxc5 7. c4 d4 8. a3 dxe3 9. Bxe3 Qa5 10. b4 Qc7 11.
Be2 e5 12. O-O Be7 13. b5 Na5 14. Re1 O-O 15. Qc2 Be6 16. Rac1 Rac8 17. Qb2 b6 18. Nxe5 Qd6 19. a4 Rfd8 20. Bf4 Qb4 21. Qxb4 Bxb4 22.
Red1 h6 23. Ndf3 Rxd1+ 24. Rxd1 Nxc4 25. Bxc4 Bxc4 26. Rd4 Be6 27. Rxb4 Rc2 28. g3 Ra2 29. Kg2 Ra3 30. Rd4 1-0

[Event "*** Titled Tuesday Blitz"]
[Site "Chess.com"]
[Date "2020.10.27"]
[Round "4"]
[White "ajgreen"]
[Black "Trankuilizer"]
[Result "1/2-1/2"]
[WhiteElo "2355"]
[BlackElo "2562"]
[TimeControl "180+1"]
[EndTime "10:38:26 PDT"]
[Termination "Game drawn by agreement"]

1. e4 d6 2. d4 Nf6 3. Nc3 g6 4. Be3 Bg7 5. f3 O-O 6. Qd2 c6 7. O-O-O b5 8. Bh6 Qa5 9. Kb1 b4 10. Nce2 Be6 11. Nc1 Bxh6 12. Qxh6 Qh5 13. Qd2 Kg7 14.
Qxb4 a5 15. Qd2 a4 16. g4 Qa5 17. Qxa5 Rxa5 18. a3 Nbd7 19. Bd3 Rb8 20. Nge2 h6 21.
Ka1 Nb6 22. h3 Nfd7 23. f4 f6 24. f5 Bf7 25. Nf4 g5 26. Ng2 c5 27. c3 cxd4 28.
cxd4 Nc4 29. Bxc4 Bxc4 30. Ne3 Ba6 31. Rd2 Kf7 32. h4 Bb7 33. hxg5 Bxe4 34. Rxh6 fxg5 35. Ne2 Nf6 36. Nc3 Bf3 37. Rdh2 Ra7 38. R2h3 Bxg4 39.
Nxg4 Nxg4 40. Rh7+ Kf6 41. Nd5+ Kxf5 42. Nxe7+ Ke4 43.
Rg7 Nf2 44. Rh2 Nd3 45. Re2+ Kf3 46. Rd2 Nc1 47. Rd1 Nb3+ 48. Ka2 Ke2 49. Rg1 Rbb7 50.
Rg2+ Kf1 51. R7xg5 Rxe7 52. Rc2 Re1 53. Rf5+ 1/2-1/2

[Event "*** Titled Tuesday Blitz"]
[Site "Chess.com"]
[Date "2020.10.27"]
[Round "4"]
[White "Rytenko_V"]
[Black "Sharpchess22"]
[Result "0-1"]
[WhiteElo "2533"]
[BlackElo "2766"]
[TimeControl "180+1"]
[EndTime "10:38:27 PDT"]
[Termination "Sharpchess22 won on time"]

1. d4 Nf6 2. c4 g6 3. Nc3 Bg7 4. e4 d6 5. f3 O-O 6. Be3 c5 7.
Nge2 Nc6 8. Qd2 b6 9. g4 e5 10. dxc5 bxc5 11. Ng3 Nd4 12. Be2 Be6 13. Kf2 Rb8 14.
b3 Nd7 15. Kg2 f5 16. Bg5 Qe8 17. exf5 gxf5 18. gxf5 Bxf5 19. Nd5 Rf7 20. Raf1 Nf8 21. Bd3 Bg6 22. h4 Nfe6 23. Bxg6 hxg6 24. Bh6 Nf4+ 25. Bxf4 exf4 26. Ne4 Be5 27. Kf2 Nf5 28. Rfg1 Ng3 29.
Nxg3 Bd4+ 30. Kg2 Bxg1 31. Ne4 Be3 32. Nxe3 fxe3 33. Qxe3 Qe5 34. Rg1 Rbf8 35. Rf1 Rf4 36. Rf2 Rxh4 37. Kf1 Rff4 38. Ke2 Rxe4 39. fxe4 Rxe4 0-1

[Event "*** Titled Tuesday Blitz"]
[Site "Chess.com"]
[Date "2020.10.27"]
[Round "4"]
[White "Guenplen"]
[Black "MatyChess1"]
[Result "1-0"]
[WhiteElo "2841"]
[BlackElo "2549"]
[TimeControl "180+1"]
[EndTime "10:38:29 PDT"]
[Termination "Guenplen won by resignation"]

1. d4 Nf6 2. Bf4 d5 3. e3 c5 4. dxc5 Nc6 5. Bb5 Qa5+ 6. Nc3 e6 7. Qd4 Be7 8. Ne2 O-O 9. Bxc6 bxc6 10. b4 Qa3 11.
Rb1 Nd7 12. Rb3 Qa6 13. O-O Bf6 14. Qd2 e5 15. Bg3 Rb8 16. h3 Qc4 17. a3 a5 18.
Rfb1 axb4 19. axb4 Ba6 20. Nc1 Rb7 21. Nd3 d4 22. Ne4 Qd5 23. Nd6 Bxd3 24. cxd3 Ra7 25. e4 Qe6 26. Nc4 Rfa8 27. f4 exf4 28. Qxf4 h6 29. Qd6 Qe8 30. Qxc6 Ra2 31. R3b2 Ra1 32. Nd6 Rxb1+ 33. Rxb1 Qe7 34. Qxa8+ Nf8 1-0

[Event "*** Titled Tuesday Blitz"]
[Site "Chess.com"]
[Date "2020.10.27"]
[Round "4"]
[White "PaulfromSPb"]
[Black "capatl"]
[Result "1-0"]
[WhiteElo "2673"]
[BlackElo "2489"]
[TimeControl "180+1"]
[EndTime "10:38:29 PDT"]
[Termination "PaulfromSPb won by resignation"]

1. e4 c5 2. Ne2 e6 3. g3 b5 4. Bg2 Bb7 5. c3 Nf6 6. d3 Qc7 7. O-O Be7 8. a4 a6 9. axb5 axb5 10.
Rxa8 Bxa8 11. Na3 Bc6 12. Re1 O-O 13. Nf4 d5 14. exd5 exd5 15. Nc2 Nbd7 16. d4 Bd6 17.
dxc5 Bxc5 18. Nd4 Bxd4 19. Qxd4 Qb6 20. Be3 Qb7 21. h4 Re8 22. Bd2 Rxe1+ 23. Bxe1 Qb6 24.
Qd1 Nc5 25. Bd2 Nce4 26. Be3 Qa5 27. g4 h6 28. Bd4 b4 29. f3 bxc3 30. fxe4 c2 31.
Qxc2 Qe1+ 32. Bf1 Qg3+ 33. Ng2 Nxg4 34. Be2 Qh2+ 35. Kf1 Qh1+ 36. Bg1 Nh2+ 37. Kf2 Ng4+ 38. Bxg4 dxe4 39. Qxc6 1-0

[Event "*** Titled Tuesday Blitz"]
[Site "Chess.com"]
[Date "2020.10.27"]
[Round "4"]
[White "shineatchess"]
[Black "SanchezKelvin"]
[Result "1-0"]
[WhiteElo "2195"]
[BlackElo "2393"]
[TimeControl "180+1"]
[EndTime "10:38:29 PDT"]
[Termination "shineatchess won on time"]

1. e4 c5 2. Nf3 d6 3. Bb5+ Nd7 4. O-O a6 5. Bd3 Ngf6 6. Re1 e6 7. c3 b5 8. a4 Rb8 9. axb5 axb5 10. Bc2 c4 11. d4 cxd3 12. Bxd3 Be7 13. Qe2 b4 14.
cxb4 Rxb4 15. Nc3 O-O 16. Be3 Ng4 17. Bf4 Qb6 18. Na4 Qb8 19. h3 Nge5 20. Nxe5 Nxe5 21.
Bc2 Ng6 22. Bd2 Rb7 23. b4 Bf6 24. Ra2 Bd7 25. f4 Bd4+ 26. Kh1 d5 27. exd5 exd5 28.
f5 Nh4 29. Qg4 Bf6 30. Nc5 Ra7 31. Rxa7 Qxa7 32. Bg5 1-0

[Event "*** Titled Tuesday Blitz"]
[Site "Chess.com"]
[Date "2020.10.27"]
[Round "4"]
[White "paulrusan"]
[Black "JoliyRoger"]
[Result "1-0"]
[WhiteElo "2225"]
[BlackElo "2399"]
[TimeControl "180+1"]
[EndTime "10:38:30 PDT"]
[Termination "paulrusan won by checkmate"]

1. e4 c6 2. d4 d5 3. f3 e6 4. Nc3 b6 5. Be3 Nf6 6. Qd2 Ba6 7. Bxa6 Nxa6 8. O-O-O Nc7 9. e5 Nd7 10. f4 g6 11. Nf3 h5 12. g3 c5 13. h3 cxd4 14.
Nxd4 Nc5 15. g4 Qd7 16. f5 O-O-O 17. fxg6 fxg6 18. Rhf1 hxg4 19. hxg4 Na4 20. Nxa4 Qxa4 21. Kb1 Bc5 22. Rf6 Bxd4 23. Qxd4 Qe8 24. Rdf1 Rg8 25.
g5 Qc6 26. c3 Nb5 27. Qb4 a5 28. Qe7 Rge8 29. Qf7 a4 30. a3 Rf8 31. Qxg6 Rg8 32. Qf7 d4 33. Bxd4 Qe4+ 34. Ka1 Rge8 35. Bxb6 Nxc3 36.
Qc7# 1-0

[Event "*** Titled Tuesday Blitz"]
[Site "Chess.com"]
[Date "2020.10.27"]
[Round "4"]
[White "MashaFromRussia"]
[Black "chessasuke"]
[Result "0-1"]
[WhiteElo "2380"]
[BlackElo "2576"]
[TimeControl "180+1"]
[EndTime "10:38:31 PDT"]
[Termination "chessasuke won by resignation"]

1. d4 Nf6 2. c4 e6 3. g3 c5 4. d5 exd5 5. cxd5 d6 6. Nc3 g6 7.
Nf3 Bg7 8. Bg2 O-O 9. O-O Re8 10. Nd2 a6 11. a4 Nbd7 12. h3 Rb8 13. a5 b5 14. axb6 Nxb6 15. e4 h5 16. Re1 Nfd7 17.
f4 c4 18. Qe2 Qc7 19. Bf1 Nc5 20. Nxc4 Nb3 21. Ra2 Bxh3 22. Nxb6 Bxf1 23. Qxf1 Rxb6 24. Be3 Rb4 25. Rxa6 Bxc3 26. bxc3 Rbxe4 27. Bb6 Qxc3 28. Rxe4 Rxe4 29. Bf2 Nd2 30. Ra8+ Kh7 31. Qa1 Qxa1+ 32. Rxa1 h4 33. Ra6 hxg3 34. Bxg3 Rd4 35. f5 Rg4 36. fxg6+ Rxg6 37. Ra3 Ne4 38. Kh2 Nxg3 39. Rxg3 Rxg3 40. Kxg3 Kg6 41. Kf4 Kf6 0-1

[Event "*** Titled Tuesday Blitz"]
[Site "Chess.com"]
[Date "2020.10.27"]
[Round "4"]
[White "MVM2008"]
[Black "Chessmatus"]
[Result "1-0"]
[WhiteElo "2240"]
[BlackElo "2408"]
[TimeControl "180+1"]
[EndTime "10:38:31 PDT"]
[Termination "MVM2008 won on time"]

1. e4 c5 2. Nf3 d6 3. d4 cxd4 4. Nxd4 Nf6 5. Nc3 a6 6. Bc4 e6 7.
Be3 b5 8. Bb3 b4 9. Na4 Nbd7 10.
f3 Bb7 11. g4 h6 12. Qd2 d5 13.
O-O-O Rc8 14. h4 dxe4 15. g5 Nd5 16. g6 N7f6 17. gxf7+ Kxf7 18. fxe4 Nxe4 19. Rhf1+ Nef6 20. Nxe6 Kxe6 21. Rxf6+ gxf6 22. Nb6 Bc5 23. Nxc8 Bxe3 24. Qxe3+ Kd7 25. Nb6+ Kc6 26. Bxd5+ 1-0

[Event "*** Titled Tuesday Blitz"]
[Site "Chess.com"]
[Date "2020.10.27"]
[Round "4"]
[White "arminmusovic"]
[Black "mishanick"]
[Result "1/2-1/2"]
[WhiteElo "2597"]
[BlackElo "2984"]
[TimeControl "180+1"]
[EndTime "10:38:32 PDT"]
[Termination "Game drawn by repetition"]

1. a3 Nf6 2. Nc3 g6 3. e4 d6 4. d4 Bg7 5. Bg5 c5 6. dxc5 Qa5 7. b4 Qc7 8. Bxf6 exf6 9. Nd5 Qd8 10. Bb5+ Nc6 11. cxd6 Qxd6 12. c3 f5 13. exf5 Bxf5 14. Ne2 O-O 15. O-O Rad8 16. Ne3 Be6 17. Qxd6 Rxd6 18.
Rfd1 Rxd1+ 19. Rxd1 Rc8 20. h3 Be5 21. c4 a6 22. Ba4 Bb2 23. Bxc6 bxc6 24. a4 Rb8 25. b5 axb5 26. cxb5 cxb5 27. axb5 Kg7 28. Nd4 Bd7 29. Nc6 Bxc6 30. bxc6 Rc8 31. Rd2 Bc1 32.
Rc2 Bxe3 33. fxe3 Kf6 34. Kf2 Ke6 35. Kf3 Kd6 36. Kf4 f6 37. e4 h6 38. h4 h5 39.
Rd2+ Ke6 40. Rc2 Kd6 41. Rd2+ Ke6 42. Rc2 Rc7 43. Rc1 Kd6 44. Rd1+ Ke6 45. Rc1 Kd6 46. Rd1+ Ke6 47. Rc1 1/2-1/2

[Event "*** Titled Tuesday Blitz"]
[Site "Chess.com"]
[Date "2020.10.27"]
[Round "4"]
[White "Bastiandash"]
[Black "KarstenHansch"]
[Result "1/2-1/2"]
[WhiteElo "2335"]
[BlackElo "2469"]
[TimeControl "180+1"]
[EndTime "10:38:33 PDT"]
[Termination "Game drawn by repetition"]

1. d4 Nf6 2. Nf3 g6 3. Bg5 Bg7 4. Nbd2 d5 5. e3 O-O 6. Be2 c5 7. c3 Nc6 8. O-O Bg4 9. h3 Bf5 10. dxc5 h6 11. Bh4 Nd7 12. Nd4 Nxc5 13. Nxf5 gxf5 14.
Nf3 Qd7 15. Nd4 Nxd4 16. exd4 Ne4 17. Bd3 e6 18. f3 Nd6 19. Qe2 b5 20. Bg3 b4 21.
cxb4 Bxd4+ 22. Kh1 Rac8 23. Qd2 Bg7 24. Bf4 h5 25.
Bh6 f6 26. Be3 Nc4 27. Bxc4 Rxc4 28. Rac1 Rfc8 29. Bc5 Rxc1 30. Rxc1 Bf8 31. Bxf8 Rxc1+ 32. Qxc1 Kxf8 33. Qh6+ Ke7 34. Qg7+ Kd6 35. Qxf6 Qb5 36. Qf8+ Kd7 37. Qf7+ Kd6 38. Qxa7 Qf1+ 39. Kh2 Qe1 40. Qc5+ Kd7 41. Qb5+ Ke7 42. Qc5+ Kd7 43. b5 h4 44. Qc6+ Ke7 45. Qc7+ Kf6 46. b6 e5 47. Qd6+ Kg5 48.
Qe7+ Kg6 49. Qe6+ Kg7 50. Qc8 Qg3+ 51. Kh1 Qe1+ 52. Kh2 Qg3+ 53. Kh1 Qe1+ 54. Kh2 1/2-1/2

[Event "*** Titled Tuesday Blitz"]
[Site "Chess.com"]
[Date "2020.10.27"]
[Round "4"]
[White "MateusViageiro"]
[Black "korbul"]
[Result "0-1"]
[WhiteElo "2355"]
[BlackElo "2590"]
[TimeControl "180+1"]
[EndTime "10:38:34 PDT"]
[Termination "korbul won by resignation"]

1. e4 c5 2. Nf3 e6 3. g3 Nc6 4. Bg2 Nf6 5. d3 d5 6. Qe2 Be7 7. O-O O-O 8. Re1 b6 9. e5 Ne8 10. c4 Nc7 11. h4 b5 12. Nc3 Rb8 13.
cxd5 exd5 14. Ng5 Nd4 15. Qd1 b4 16. Ne2 Nxe2+ 17. Qxe2 h6 18. Nh3 Nb5 19. Nf4 Nd4 20. Qd1 Bb7 21. Be3 Nf5 22. Bd2 c4 23. e6 Bc5 24.
Qg4 Qf6 25. exf7+ Rxf7 26. Re6 Qxb2 27. Rd1 Bxf2+ 28. Kxf2 c3 29. Qe2 cxd2 30. Rxd2 Qd4+ 31. Ke1 Nxg3 32. Re8+ Rxe8 33. Qxe8+ Kh7 34. Qxf7 Qg1+ 0-1